 Dungeon Crawl Stone Soup version 0.30.1-11-g7821555f0a (webtiles) character file.

Game seed: 13656800411295828697

1076 bnorton916 the Conjurer (level 8, -7/41 HPs)
             Began as a Deep Elf Conjurer on Dec 14, 2023.
             Was an Initiate of Gozag.
             Killed from afar by a steam dragon (15 damage)
             ... with a ball of steam
             ... on level 6 of the Dungeon.
             The game lasted 00:08:25 (6648 turns).

bnorton916 the Conjurer (Deep Elf Conjurer)         Turns: 6648, Time: 00:08:25

Health: -7/41      AC:  6    Str:  4    XL:     8   Next: 8%
Magic:  12/19      EV: 12    Int: 30    God:    Gozag
Gold:   441        SH:  0    Dex: 13    Spells: 6/20 levels left

rFire   . . .        v - +4 flail
rCold   . . .        (no shield)
rNeg    . . .        z - +3 robe "Oson" {Int+4}
rPois   .            B - +0 helmet
rElec   .            d - scarf {repulsion}
rCorr   .            (no gloves)
SInv    +            (no boots)
Will    .....        g - amulet of the acrobat
Stlth   ++           C - ring of see invisible
HPRegen 0.26/turn    l - ring of flight
MPRegen 0.16/turn

%: repel missiles, acrobat
@: flying
A: no striking features
a: Renounce Religion, Potion Petition, Call Merchant, Bribe Branch


You were on level 6 of the Dungeon.
You worshipped Gozag.
Gozag was aware of your devotion.
You visited 2 branches of the dungeon, and saw 7 of its levels.

You collected 478 gold pieces.
You paid 37 gold pieces to Gozag.

Inventory:

Hand Weapons
 v - a +4 flail (weapon)
Missiles
 A - 5 poisoned darts
Armour
 d - a scarf of repulsion (worn)
 z - the +3 robe "Oson" (worn) {Int+4}
   (You found it on level 4 of the Dungeon)

   Int:       It affects your intelligence (+4).
 B - a +0 helmet (worn)
Magical Staves
 x - a staff of death
Jewellery
 g - an amulet of the acrobat (around neck)
 l - a ring of flight (right hand)
 u - an amulet of regeneration
 C - a ring of see invisible (left hand)
 D - an amulet of reflection
Scrolls
 c - 2 scrolls of teleportation {unknown}
 h - 3 scrolls of enchant weapon {unknown}
 j - 2 scrolls of vulnerability {unknown}
 m - 4 scrolls of fear {unknown}
 o - 4 scrolls of identify {unknown}
 q - 2 scrolls of enchant armour {unknown}
 w - a scroll of poison {unknown}
 y - a scroll of immolation {unknown}
Potions
 a - a potion of brilliance {unknown}
 b - 2 potions of magic
 e - 7 potions of curing {unknown}
 f - 2 potions of attraction {unknown}
 i - 3 potions of heal wounds {unknown}
 k - 3 potions of mutation {unknown}
 n - 2 potions of flight {unknown}
 p - a potion of might {unknown}
 r - a potion of resistance {unknown}
 s - a potion of degeneration {unknown}
 t - a potion of invisibility {unknown}
 E - a potion of lignification {unknown}


   Skills:
 - Level 2.4 Dodging
 - Level 2.4 Stealth
 - Level 6.6 Spellcasting
 + Level 7.6 Conjurations
 + Level 4.2 Hexes
 + Level 3.5 Translocations
 + Level 3.4 Ice Magic


You had 6 spell levels left.
You knew the following spells:

 Your Spells              Type           Power      Damage    Failure   Level
a - Magic Dart            Conj           100%       1d8       1%          1
b - Searing Ray           Conj           100%       2d8       1%          2
c - Fulminant Prism       Conj/Hex       22%        3d12      4%          4
d - Iskenderun's Mystic   Conj/Tloc      43%        2d10      4%          4
e - Frozen Ramparts       Ice            60%        1d10      3%          3

Your spell library contained the following spells:

 Spells                   Type           Power      Damage    Failure   Level
 Freeze                   Ice            100%       1d10      1%          1
 Dazzling Flash           Conj/Hex       90%        N/A       1%          3
 Hailstorm                Conj/Ice       43%        3d10      1%          3
 Beastly Appendage        Tmut           18%        N/A       4%          1
 Wereblood                Tmut           9%         N/A       8%          2
 Spider Form              Tmut/Pois      9%         N/A       16%         3


Dungeon Overview and Level Annotations

Branches:
Dungeon (6/15)             Temple (1/1) D:4

Altars:
Ashenzari
Cheibriados
Fedhas
Gozag
Hepliaklqana
Makhleb
Okawaru
Qazlal
Ru
Uskayaw
Vehumet
Yredelemnul
Zin

Shops:
D:3 :


Message History

The searing ray hits the steam dragon.
The steam dragon is lightly wounded. (Press . to maintain the ray.)
The steam dragon breathes steam at you. The ball of steam hits you!!
Ouch! That really hurt!
Casting: Searing Ray (safe; 1% risk of failure)
Confirm with . or Enter, or press ? or * to list all spells.
Aiming: Searing Ray (safe; 1% risk of failure)
Press: ? - help, Shift-Dir - straight line, f/p - steam dragon
Aim: a steam dragon (steam, lightly wounded, 83% to hit)
The searing ray hits the steam dragon!
The steam dragon is moderately wounded. (Press . to maintain the ray.)
The steam dragon breathes steam at you. The ball of steam misses you.
Casting: Searing Ray (safe; 1% risk of failure)
Confirm with . or Enter, or press ? or * to list all spells.
Aiming: Searing Ray (safe; 1% risk of failure)
Press: ? - help, Shift-Dir - straight line, f/p - steam dragon
Aim: a steam dragon (steam, moderately wounded, 83% to hit)
The searing ray hits the steam dragon!
The steam dragon is severely wounded. (Press . to maintain the ray.)
The steam dragon breathes steam at you. The ball of steam hits you.
Casting: Searing Ray (safe; 1% risk of failure)
Confirm with . or Enter, or press ? or * to list all spells.
Aiming: Searing Ray (safe; 1% risk of failure)
Press: ? - help, Shift-Dir - straight line, f/p - steam dragon
Aim: a steam dragon (steam, severely wounded, 83% to hit)
The searing ray hits the steam dragon.
The steam dragon is severely wounded. (Press . to maintain the ray.)
You are engulfed in a cloud of scalding steam.
* * * LOW HITPOINT WARNING * * *
The steam dragon breathes steam at you. The ball of steam hits you!
You die...
Your body crumbles into a pile of gold.

$ ## ..
.# ##
.##.## ##
..... $
#. ... #.
##.# #.
#@.# #.
#§##
#.##D##.#
#.<.§§..#
####.####
#.# $ #.#
... #.#


You could see a steam dragon (catching breath).

Vanquished Creatures
  Sigmund (D:5)
  A water moccasin (D:5)
  2 black bears (D:5)
  An ice beast (D:5)
  An ogre (D:5)
  2 howler monkeys
  3 hounds
  A jelly (D:2)
  3 orc wizards
  3 gnolls (D:4)
  3 adders
  A shadow imp (D:5)
  4 worms
  A dart slug (D:3)
  15 orcs
  13 ball pythons
  9 bats
  5 endoplasms
  A giant cockroach (D:2)
  11 goblins
  3 hobgoblins
  9 jackals
  3 kobolds
  6 quokkas
  4 frilled lizards
  7 rats
113 creatures vanquished.

Vanquished Creatures (others)
  A fulminant prism (D:5)
1 creature vanquished.

Grand Total: 114 creatures vanquished

Notes
Turn   | Place    | Note
-------+----------+-------------------------------------------
     0 | D:1      | bnorton916 the Deep Elf Conjurer began the quest for the
                  | Orb.
     0 | D:1      | Reached XP level 1. HP: 10/10 MP: 6/6
   159 | D:1      | Reached XP level 2. HP: 15/15 MP: 3/8
   933 | D:1      | Learned a level 2 spell: Searing Ray
  1117 | D:2      | Reached XP level 3. HP: 19/19 MP: 7/10
  1160 | D:2      | Reached skill level 5 in Conjurations
  1393 | D:2      | Reached XP level 4. HP: 24/24 MP: 4/12
  1634 | D:2      | Reached skill level 5 in Spellcasting
  2087 | D:3      | Found a hide-covered altar of Uskayaw.
  2413 | D:3      | Found Qeohim's Book Shop.
  2800 | D:3      | Reached XP level 5. HP: 28/28 MP: 11/14
  3332 | D:4      | Reached skill level 6 in Conjurations
  3669 | D:4      | Found a staircase to the Ecumenical Temple.
  3681 | Temple   | Entered the Ecumenical Temple
  3732 | Temple   | Became a worshipper of Gozag Ym Sagoz the Greedy
  4202 | D:4      | Identified the +3 robe "Oson" {Int+4}
  4523 | D:4      | Reached XP level 6. HP: 30/32 MP: 9/17
  4635 | D:4      | Found a glowing silver altar of Zin.
  5131 | D:5      | Entered Level 5 of the Dungeon
  5131 | D:5      | Found a basalt altar of Yredelemnul.
  5139 | D:4      | Learned a level 4 spell: Fulminant Prism
  5144 | D:4      | Learned a level 4 spell: Iskenderun's Mystic Blast
  5148 | D:4      | Learned a level 3 spell: Frozen Ramparts
  5194 | D:5      | Noticed Sigmund
  5206 | D:5      | Killed Sigmund
  5207 | D:5      | Reached skill level 1 in Hexes
  5207 | D:5      | Reached skill level 1 in Translocations
  5207 | D:5      | Reached skill level 1 in Ice Magic
  5209 | D:5      | Found a sacrificial altar of Ru.
  5595 | D:5      | Reached XP level 7. HP: 36/36 MP: 13/18
  5686 | D:5      | Reached skill level 7 in Conjurations
  6074 | D:5      | Found a broken altar of Ashenzari.
  6572 | D:5      | Reached XP level 8. HP: 41/41 MP: 13/19
  6648 | D:6      | Killed from afar by a steam dragon

Illustrated notes

Levels and vault maps discovered:
D:1:      minmay_arrival_split_and_join, layout_basic, serial_bayou_pond_e
D:2:      layout_basic, chequers_serial_rivers_micro_b,
          chequers_serial_rivers_micro_e
D:3:      layout_basic, eat_drink_and_be_merry_uskayaw, serial_shops,
          nicolae_shop_stone
D:4:      layout_layer_cave, marbit_many_paths, minmay_temple_entry_junction_2
D:5:      layout_basic, mainiacjoe_overflow_concentric_impassable,
          nicolae_ru_great_annihilating_truth,
          mainiacjoe_overflow_six_doors_small, uniq_sigmund
D:6:      gammafunk_steamed_eel, layout_loops_corners,
          dreamdust_princess_corridor
Temple:   nicolae_temple_superstar

Skill      XL: |  1  2  3  4  5  6  7 |
---------------+----------------------+-----
Spellcasting   | 4 5 6 |  6.6
Conjurations   | 5 6 7 |  7.6
Hexes          | 2 4 |  4.2
Translocations | 1 3 |  3.5
Ice Magic      | 1 3 |  3.4
Dodging        | |  2.4
Stealth        | |  2.4

Action                     |  1- 3 |  4- 6 |  7- 9 || total
---------------------------+-------+-------+-------++-------
  Melee: Flail             |       |     3 |       ||     3
   Cast: Magic Dart        |    60 |   109 |    18 ||   187
         Searing Ray       |     2 |    19 |    14 ||    35
         Fulminant Prism   |       |     1 |       ||     1
 Armour: Robe              |     1 |     4 |       ||     5
  Dodge: Dodged            |     1 |    24 |    12 ||    37
         Repelled          |       |     2 |       ||     2
